Map: Frost LE

Players

Kelazhur - Winner!

  • Race: Terran Terran

Virium

  • Race: Protoss Protoss
  • League: Master

Event: Cheesadelphia Summer 2016

VOD

Have the link to the VOD?

Description

Time

  • Played on: July 24, 2016, 2:15 p.m.
  • Length: 7:01

All games in this series

Show
View Real Time Build Order
Export as new Build Order

Kelazhur Terran - Winner!

Build Orders: Reaper Expand, MMM Bio 

Get SALT Encoding   

  12  0:00  SCV  
  13  0:13  SCV  
  14  0:17  Supply Depot  
  14  0:25  SCV  
  15  0:29  Refinery  
  15  0:38  SCV  
  16  0:45  Barracks  
  16  0:50  SCV  
  17  1:02  SCV  
  18  1:15  SCV  
  19  1:32  Reaper, Orbital Command  
  20  1:46  Command Center  
  20  1:56  Factory  
  20  2:00  SCV  
  21  2:06  Barracks Reactor  
  21  2:12  Supply Depot  
  21  2:13  SCV  
  22  2:23  Refinery  
  22  2:25  SCV  
  23  2:38  SCV  
  23  2:41  Factory Tech Lab  
  23  2:43  Marine, Barracks  
  23  2:44  Marine  
  25  2:50  SCV  
  27  2:59  Orbital Command  
  27  3:02  Marine, SCV  
  27  3:04  Marine  
  30  3:13  Cyclone  
  30  3:16  SCV  
  35  3:25  Marine x2  
  37  3:27  SCV  
  37  3:28  SCV  
  37  3:33  Supply Depot  
  39  3:39  SCV  
  39  3:40  SCV  
  41  3:44  Marine x2  
  43  3:49  Marine, Stimpack  
  43  3:51  SCV  
  43  3:53  SCV  
  43  3:55  Starport  
  46  3:57  Factory Reactor  
  46  4:03  Supply Depot, SCV  
  46  4:05  Marine x2  
  46  4:07  SCV  
  50  4:15  SCV  
  51  4:19  Marauder, SCV  
  54  4:25  Supply Depot, Marine x2  
  54  4:27  SCV  
  57  4:35  Engineering Bay  
  57  4:38  Medivac x2  
  59  4:39  Barracks, SCV  
  62  4:47  Marine x2, Marauder  
  62  4:52  SCV x2  
  64  4:55  Factory Tech Lab  
  64  4:58  Refinery  
  64  5:00  Supply Depot  
  64  5:04  SCV x2  
  64  5:06  Marine x2  
  68  5:11  Marauder  
  68  5:14  Supply Depot  
  70  5:21  SCV x2  
  70  5:26  Marine x2  
  74  5:33  SCV x2  
  76  5:36  Combat Shields, Marauder x2  
  80  5:43  Supply Depot  
  79  5:51  SCV  
  79  5:53  Marine x2  
  79  5:55  Missile Turret  
  82  5:59  SCV  
  82  6:01  Marauder  
  85  6:05  Marauder  
  85  6:06  Supply Depot  
  86  6:11  Missile Turret  
  86  6:13  Concussive Shells  
  86  6:17  Command Center  
  86  6:19  Marine x2  
  86  6:24  Marauder  
  90  6:26  Marauder  
  90  6:29  SCV  
  87  6:40  Marine x2  
Show
View Real Time Build Order
Export as new Build Order

Virium Protoss 

Build Orders: 1 Gate Expand 

Get SALT Encoding   

  12  0:00  Probe (Chrono Boost)  
  13  0:11  Probe (Chrono Boost)  
  14  0:17  Pylon  
  14  0:22  Probe (Chrono Boost)  
  15  0:35  Probe (Chrono Boost)  
  16  0:38  Gateway  
  16  0:46  Probe (Chrono Boost)  
  16  0:47  Assimilator  
  17  0:56  Probe (Chrono Boost)  
  18  1:07  Probe (Chrono Boost)  
  19  1:20  Nexus  
  19  1:24  Probe (Chrono Boost)  
  20  1:34  Cybernetics Core  
  20  1:36  Probe (Chrono Boost)  
  21  1:43  Assimilator  
  21  1:46  Probe (Chrono Boost)  
  22  1:51  Pylon  
  22  1:57  Probe (Chrono Boost)  
  23  2:07  Warp Gate  
  23  2:11  Adept, Mothership Core (Chrono Boost)  
  28  2:30  Probe (Chrono Boost)  
  28  2:33  Probe (Chrono Boost)  
  28  2:36  Adept  
  29  2:42  Probe (Chrono Boost)  
  29  2:44  Probe (Chrono Boost)  
  33  2:53  Robotics Facility  
  33  2:54  Probe (Chrono Boost)  
  33  2:56  Probe (Chrono Boost)  
  34  3:00  Adept  
  37  3:07  Probe (Chrono Boost)  
  37  3:20  Gateway x2  
  37  3:23  Probe x2 (Chrono Boost)  
  39  3:31  Stalker  
  43  3:35  Probe x2 (Chrono Boost)  
  43  3:37  Pylon  
  43  3:40  Observer, Pylon  
  43  3:47  Probe (Chrono Boost)  
  43  3:48  Probe (Chrono Boost)  
  46  4:00  Probe x2 (Chrono Boost)  
  46  4:01  Observer  
  49  4:12  Probe x2 (Chrono Boost), Stalker  
  49  4:15  Pylon  
  49  4:16  Stalker x2  
  56  4:24  Probe (Chrono Boost)  
  55  4:26  Probe (Chrono Boost)  
  55  4:27  Twilight Council  
  55  4:32  Assimilator x2  
  55  4:37  Probe (Chrono Boost)  
  57  4:39  Probe (Chrono Boost)  
  57  4:46  Stalker x3  
  57  4:50  Resonating Glaives  
  65  4:53  Probe x2 (Chrono Boost), Warp Prism  
  66  5:08  Pylon  
  66  5:17  Gateway  
  66  5:20  Gateway  
  66  5:24  Gateway  
  66  5:28  Gateway  
  66  5:30  Adept x2  
  66  5:31  Observer  
  71  5:36  Adept  
  71  5:41  Pylon  
  73  5:43  Pylon  
  73  5:56  Adept x3  
  78  6:01  Pylon  
  78  6:18  Adept x6  
  78  6:23  Adept  
  78  6:24  Pylon  
  84  6:43  Adept  
  84  6:45  Adept x5  
Tags
 
Add a new tag
Caveats
  • Supply blocks, unpowered buildings, or Contaminate may cause inaccurate times.
  • Supply counts are checked every 10 seconds.